 Dungeon Crawl Stone Soup version 0.30-a0-847-g17996783a1 (webtiles) character file.

Game seed: 15588379192139619008

6079 Pooter the Cleaver (level 10, -6/91 HPs)
             Began as a Minotaur Delver on Mar 3, 2023.
             Was a Believer of Okawaru.
             Mangled by a boulder beetle (18 damage)
             ... on level 9 of the Dungeon.
             The game lasted 00:47:40 (8499 turns).

Pooter the Cleaver (Minotaur Delver)                Turns: 8499, Time: 00:47:41

Health: -6/91      AC: 16    Str: 21    XL:     10   Next: 57%
Magic:  9/9        EV:  7    Int:  7    God:    Okawaru [**....]
Gold:   124        SH:  0    Dex: 12    Spells: 9/9 levels left

rFire   . . .      SeeInvis .    a - +3 war axe (heavy)
rCold   . . .      Faith    .    (no shield)
rNeg    . . .      Spirit   .    v - +3 plate armour
rPois   .          Reflect  .    (helmet restricted)
rElec   .          Rampage  .    w - +1 cloak
rCorr   .                        y - +0 pair of gloves
Will    .....                    (no boots) Stlth
                                 C - amulet of magic regeneration
HPRegen 0.35/turn                h - +4 ring of slaying
MPRegen 0.51/turn                o - ring of flight

@: flying
A: horns 2, retaliatory headbutt
a: Renounce Religion, Heroism


You were on level 9 of the Dungeon.
You worshipped Okawaru.
Okawaru was pleased with you.
You visited 2 branches of the dungeon, and saw 10 of its levels.

You collected 388 gold pieces.
You spent 264 gold pieces at shops.

Inventory:

Hand Weapons
 a - a +3 heavy war axe (weapon)
   (You took it off an orc on level 5 of the Dungeon)
 b - a +0 shortbow
   (You took it off a centaur on level 5 of the Dungeon)
 l - a +0 war axe
   (You found it on level 4 of the Dungeon)
 N - a +0 broad axe
   (You took it off Maggie on level 8 of the Dungeon)
 O - a +6 halberd
   (You took it off a wight on level 8 of the Dungeon)
Missiles
 j - 8 boomerangs (quivered)
 k - 5 poisoned darts
 K - 3 javelins
 Q - 68 stones
 R - 4 datura-tipped darts
Armour
 v - a +3 plate armour (worn)
   (You took it off an orc warrior on level 6 of the Dungeon)
 w - a +1 cloak (worn)
   (You found it on level 3 of the Dungeon)
 y - a +0 pair of gloves (worn)
   (You found it on level 2 of the Dungeon)
Jewellery
 h - a +4 ring of slaying (left hand)
   (You found it on level 6 of the Dungeon)
 o - a ring of flight (right hand)
   (You found it on level 4 of the Dungeon)
 C - an amulet of magic regeneration (around neck)
   (You found it on level 1 of the Dungeon)
 E - a ring of protection from cold
   (You found it on level 1 of the Dungeon)
 G - a ring of magical power
   (You bought it in a shop on level 5 of the Dungeon)
 I - a ring of protection from cold
   (You took it off a centaur on level 5 of the Dungeon)
 L - a +6 ring of intelligence
   (You found it on level 7 of the Dungeon)
 W - a ring of wizardry
   (You found it on level 5 of the Dungeon)
Wands
 x - a wand of acid (8)
   (You found it on level 4 of the Dungeon)
 D - a wand of digging (3)
Scrolls
 c - a scroll of fog
 e - 2 scrolls of fear
 n - a scroll of immolation {unknown}
 q - a scroll of silence {unknown}
 t - 6 scrolls of teleportation {@r4}
 A - a scroll of blinking {unknown}
 J - a scroll of torment {unknown}
 P - a scroll of magic mapping
Potions
 d - 3 potions of invisibility
 f - 4 potions of haste {@q3}
 g - 3 potions of flight
 m - a potion of attraction {unknown}
 p - 5 potions of heal wounds {@q2}
 r - a potion of mutation {unknown}
 z - 4 potions of lignification {!q}
 B - 3 potions of curing {@q1}
 F - a potion of ambrosia {unknown}
 H - a potion of brilliance {unknown}
 M - a potion of magic {unknown}


   Skills:
 + Level 9.2 Fighting
 * Level 11.8 Axes
 * Level 10.1 Ranged Weapons
 - Level 4.5 Dodging
 - Level 5.3 Stealth


You had 9 spell levels left.
You didn't know any spells.
Your spell library contained the following spells:

 Spells                   Type           Power      Damage    Failure   Level
 Foxfire                  Conj/Fire      0%         2x1d4     100%        1
 Kiss of Death            Conj/Necr      0%         2d5       100%        1
 Magic Dart               Conj           0%         1d3       100%        1
 Slow                     Hex            0%         N/A       100%        1
 Blink                    Tloc           0%         N/A       100%        2
 Cigotuvi's Dreadful Rot  Necr/Pois/Air  0%         N/A       100%        2
 Momentum Strike          Conj/Tloc      0%         3d8       100%        2
 Scorch                   Fire           0%         2d5       100%        2
 Confusing Touch          Hex            0%         N/A       100%        3
 Mephitic Cloud           Conj/Pois/Air  0%         N/A       100%        3
 Vampiric Draining        Necr           0%         2d6       100%        3
 Dispel Undead            Necr           0%         3d6       100%        4
 Manifold Assault         Tloc           0%         N/A       100%        4
 Orb of Destruction       Conj           0%         9d5       100%        7
 Storm Form               Tmut/Air       0%         N/A       100%        7
 Call Imp                 Summ           Unusable   N/A       N/A         2
 Death Channel            Necr           Unusable   N/A       N/A         6

Dungeon Overview and Level Annotations

Branches:
Dungeon (9/15)             Temple (1/1) D:7
   Lair: D:8-11         Orc: D:9-12

Altars:
Ashenzari
Cheibriados
Dithmenos
Elyvilon
Fedhas
Gozag
Hepliaklqana
Kikubaaqudgha
Makhleb
Nemelex Xobeh
Okawaru
Qazlal
Ru
Sif Muna
Trog
Uskayaw
Vehumet
Wu Jian
Xom
Zin
The Shining One

Shops:
D:1 [   D:5 =[*([


Innate Abilities, Weirdness & Mutations

You have a pair of horns on your head.
You reflexively headbutt those who attack you in melee.


Message History

The tengu warrior drinks a potion.
The tengu warrior is healed!
Unknown command.
You closely miss the tengu warrior. The tengu warrior blocks your attack.
Your punch misses the tengu warrior. You completely miss the boulder beetle.
The boulder beetle bites you.
* * * LOW HITPOINT WARNING * * *
The tengu warrior misses you.
The tengu warrior pecks you but does no damage.
The tengu warrior closely misses you.
You slash the tengu warrior! You headbutt the tengu warrior.
You hit the boulder beetle but do no damage.
The boulder beetle bites you.
* * * LOW HITPOINT WARNING * * *
The tengu warrior hits you with a +0 morningstar.
* * * LOW HITPOINT WARNING * * *
The tengu warrior pecks you but does no damage.
The tengu warrior claws you but does no damage.
The tengu warrior blocks your attack.
Your headbutt misses the tengu warrior.
You hit the boulder beetle but do no damage.
You feel like a meek peon again. The boulder beetle bites you.
* * * LOW HITPOINT WARNING * * *
The tengu warrior closely misses you. The tengu warrior pecks you.
* * * LOW HITPOINT WARNING * * *
The tengu warrior claws you but does no damage.
You barely miss the tengu warrior. You hit the boulder beetle.
The boulder beetle bites you.
* * * LOW HITPOINT WARNING * * *
The tengu warrior hits you but does no damage.
The tengu warrior pecks you.
* * * LOW HITPOINT WARNING * * *
The tengu warrior claws you.
* * * LOW HITPOINT WARNING * * *
You slash the tengu warrior! You hit the boulder beetle.
The boulder beetle bites you but does no damage.
The tengu warrior hits you with a +0 morningstar.
* * * LOW HITPOINT WARNING * * *
The tengu warrior pecks you but does no damage.
The tengu warrior claws you.
* * * LOW HITPOINT WARNING * * *
The boulder beetle barely misses you.
You closely miss the tengu warrior.
You headbutt the tengu warrior, but do no damage.
You hit the boulder beetle but do no damage.
The tengu warrior hits you with a +0 morningstar!
* * * LOW HITPOINT WARNING * * *
The tengu warrior completely misses you.
The tengu warrior claws you but does no damage.
The boulder beetle bites you!!
You die...

.## ..# #.####### #
<.......# ## ##### ## .
........#♣♣.♣♣♣..[♣♣♣.♣♣
.
.)......#♣.~.♣.~~~.♣.~.♣
. ........# ~~.#~~~#.~~
. ...!....# ♣.Q†~.♣ .
........# ♣B@/♣ .
.......## ##.## P
.###.#.# ♣♣.♣ ♣ .# #.#)#
♣.♣♣ . ## ###.# ♣♣.♣♣
#.#.♣♣♣♣#♣♣♣.♣
#)#.....#♣...♣
#)#♣♣♣♣.#.###.#
#)#.....♣.# .♣


You could see a boulder beetle and a tengu warrior.

Vanquished Creatures
  Pikel (D:8)
  Maggie (D:8)
  An ice devil (D:8)
  A hellwing (D:8)
  A slime creature (D:9)
  Sigmund (D:6)
  6 yaks (D:8)
  Grum (D:8)
  2 chaos spawn (D:8)
  2 water moccasins
  2 orc warriors
  An ogre (D:7)
  4 black bears
  2 phantoms
  A wolf (D:8)
  3 centaurs
  A lemure (D:8)
  A kobold brigand (D:9)
  Blork the orc (D:6)
  A gnoll sergeant (D:8)
  A scorpion (D:6)
  4 wights (D:8)
  The ghost of lunkers the Poker, a weakling MeFi (D:3)
  An electric eel (D:9)
  2 howler monkeys
  2 quasits (D:8)
  2 jellies
  9 orc priests
  3 hounds
  2 iguanas
  3 sleepcaps
  8 orc wizards
  25 gnolls
  6 adders
  A shadow imp (D:7)
  A white imp (D:7)
  A worm (D:2)
  3 dart slugs
  20 orcs
  3 bats
  7 endoplasms
  3 giant cockroaches
  4 goblins
  6 hobgoblins
  2 jackals (D:3)
  10 kobolds
  3 quokkas
  2 ball pythons
  5 frilled lizards
  6 rats
180 creatures vanquished.

Vanquished Creatures (collateral kills)
  2 wolves (D:8)
  A scorpion (D:7)
  A gnoll bouda (D:7)
  2 gnolls (D:7)
6 creatures vanquished.

Vanquished Creatures (others)
  A gnoll sergeant (D:7)
  An orc priest (D:8)
  An orc wizard (D:7)
  A gnoll (D:7)
  9 demonic plants (D:9)
  6 fungi (D:9)
  7 plants (D:9)
26 creatures vanquished.

Grand Total: 212 creatures vanquished

Notes
Turn   | Place    | Note
-------+----------+-------------------------------------------
     0 | D:5      | Pooter the Minotaur Delver began the quest for the Orb.
     0 | D:5      | Reached XP level 1. HP: 19/19 MP: 0/0
    10 | D:5      | Noticed a centaur
    49 | D:6      | Noticed a sleepcap
    98 | D:5      | Identified the +3 leather armour "Eza Puh" {Fly}
   109 | D:5      | Noticed a jelly
   114 | D:5      | Noticed a phantom
   117 | D:5      | Noticed a howler monkey
   120 | D:5      | Killed a howler monkey
   121 | D:5      | Reached XP level 2. HP: 18/27 MP: 1/1
   121 | D:5      | Reached XP level 3. HP: 22/33 MP: 2/2
   124 | D:5      | Killed a phantom
   125 | D:5      | Reached skill level 3 in Axes
   125 | D:5      | Reached XP level 4. HP: 18/40 MP: 3/3
   227 | D:5      | Identified the +2 robe of the Bull {Dex+7}
   270 | D:5      | Noticed a black bear
   344 | D:5      | Found a glowing golden altar of the Shining One.
   391 | D:5      | Noticed a water moccasin
   408 | D:5      | Got the Papyrus of Wild Flame
   423 | D:5      | Found Xioddek's Antique Armour Emporium.
   472 | D:5      | Reached XP level 5. HP: 21/47 MP: 4/4
   599 | D:5      | Killed a black bear
   600 | D:5      | Reached skill level 5 in Stealth
   638 | D:5      | Found Duden's Armour Emporium.
   667 | D:5      | Killed a centaur
   668 | D:5      | Reached XP level 6. HP: 44/53 MP: 5/5
   788 | D:5      | Found Ugaess's Jewellery Boutique.
   851 | D:5      | Killed a water moccasin
   852 | D:5      | Reached skill level 4 in Axes
   852 | D:5      | Reached skill level 1 in Ranged Weapons
   915 | D:5      | Found Sefros's Weapon Shop.
   921 | D:5      | Reached skill level 5 in Fighting
  1039 | D:4      | Found a stormy altar of Qazlal.
  1276 | D:4      | Reached XP level 7. HP: 45/61 MP: 6/6
  1583 | D:4      | Reached skill level 5 in Axes
  1716 | D:4      | Found a shimmering altar of Xom.
  1718 | D:4      | Found a blossoming altar of Fedhas.
  1945 | D:6      | Reached skill level 6 in Axes
  2123 | D:6      | Noticed Sigmund
  2136 | D:6      | Killed Sigmund
  2137 | D:6      | Reached XP level 8. HP: 51/70 MP: 7/7
  2364 | D:6      | Noticed Blork the orc
  2374 | D:6      | Killed Blork the orc
  2375 | D:6      | Reached skill level 7 in Axes
  2375 | D:6      | Reached skill level 5 in Ranged Weapons
  2609 | D:7      | Found a staircase to the Ecumenical Temple.
  2628 | Temple   | Entered the Ecumenical Temple
  2698 | Temple   | Became a worshipper of Warmaster Okawaru
  2968 | D:3      | Found a white marble altar of Elyvilon.
  3301 | D:3      | Found a runed translucent door.
  3305 | D:3      | Noticed lunkers's ghost (weakling MeFi)
  3311 | D:3      | Killed lunkers's ghost
  3563 | D:2      | Identified the +10 short sword "Goul" {distort, rF+ rN++}
  3587 | D:2      | Found a faded altar of an unknown god.
  4139 | D:1      | Found Sirasoc's Armour Boutique.
  5202 | D:5      | Bought an emerald potion for 27 gold pieces
  5202 | D:5      | Bought a small bone ring for 150 gold pieces
  5202 | D:5      | Bought a brown potion for 27 gold pieces
  5202 | D:5      | Bought a scroll of identify for 60 gold pieces
  5280 | D:7      | Found a snail-covered altar of Cheibriados.
  5303 | D:7      | Reached skill level 8 in Axes
  5512 | D:7      | Reached XP level 9. HP: 79/79 MP: 8/8
  5521 | D:7      | Found a bloodstained altar of Trog.
  5564 | D:7      | Reached * piety under Okawaru
  5891 | D:7      | Found a broken altar of Ashenzari.
  6456 | D:8      | Reached skill level 9 in Axes
  6491 | D:8      | Noticed Maggie
  6499 | D:8      | Killed Maggie
  6565 | D:8      | Noticed Pikel
  6571 | D:8      | Killed Pikel
  6637 | D:8      | Reached skill level 10 in Axes
  6933 | D:8      | Noticed Grum
  6943 | D:8      | Reached ** piety under Okawaru
  6948 | D:8      | Killed Grum
  7125 | D:8      | Reached XP level 10. HP: 72/90 MP: 9/9
  7133 | D:8      | Reached *** piety under Okawaru
  7138 | D:8      | Reached skill level 11 in Axes
  7874 | D:9      | Noticed an orange demon
  7874 | D:9      | Noticed an orange demon
  7875 | D:9      | Noticed a rust devil
  8352 | D:9      | Reached skill level 10 in Ranged Weapons
  8483 | D:9      | Noticed a boulder beetle
  8485 | D:9      | Noticed a tengu warrior
  8499 | D:9      | Mangled by a boulder beetle

Illustrated notes

Levels and vault maps discovered:
D:1:      mrwooster_arrival_statue_3, layout_loops_ring, serial_shops,
          shop_statue, chequers_big_river
D:2:      layout_rooms, shapermc_ecumenical_altar_notcrosses
D:3:      layout_loops_ring, lemuel_crystal_altar, ebering_ghost_reflecting_pool
D:4:      layout_gridville, nicolae_overflow_crystal_walls,
          nicolae_overflow_hidden_temple
D:5:      layout_rooms, nicolae_tso_carved_into_rock, serial_shops,
          kennysheep_mini, shop, shop, shop, shop
D:6:      layout_cave_pools, uniq_sigmund, uniq_blork_the_orc
D:7:      layout_cave_pods, mainiacjoe_overflow_concentric_impassable,
          old_standard_altar, trog_three_pillars_becter,
          minmay_temple_entry_proselytizer, eino_tiny_chamber
D:8:      layout_loops_ring, uniq_maggie, uniq_pikel, uniq_grum
D:9:      nzn_winding_woodlands_three_and_one
          [nzn_winding_woodlands_5x15_sidewinder,
          nzn_winding_woodlands_5x15_cabin, nzn_winding_woodlands_5x15_parted,
          nzn_winding_woodlands_center_triple_pond], layout_cross,
          dpeg_oklobed_lair, serial_demonic, serial_demonic_g, serial_demonic_e,
          serial_demonic_b, serial_demonic_c, serial_demonic_c,
          serial_demonic_d, serial_demonic_c, serial_demonic_f,
          serial_demonic_f, serial_demonic_d, hangedman_ranch
Temple:   cyrus_circular_temple

Skill      XL: |  1  2  3  4  5  6  7  8  9 10 |
---------------+-------------------------------+-----
Fighting       | 4 5 6 7 8 9 |  9.2
Axes           | 3 4 6 8 10 11 | 11.8
Dodging        | 3 4 |  4.5
Stealth        | 5 |  5.3
Ranged Weapons | 2 4 6 8 10 | 10.1

Action                     |  1- 3 |  4- 6 |  7- 9 | 10-12 || total
---------------------------+-------+-------+-------+-------++-------
  Melee: War axe           |     7 |    18 |   140 |    65 ||   230
         Headbutt          |     3 |     1 |    24 |    15 ||    43
         Hand axe          |     2 |       |       |       ||     2
         Punch             |       |       |     1 |     1 ||     2
   Fire: Shortbow          |       |    15 |   125 |    20 ||   160
  Throw: Stone             |     5 |       |       |       ||     5
         Dart              |       |       |     9 |       ||     9
         Boomerang         |       |       |     2 |       ||     2
 Invoke: Heroism           |       |       |     3 |     6 ||     9
    Use: Scroll            |     1 |     5 |     4 |     4 ||    14
         Potion            |       |     1 |     3 |       ||     4
   Stab: Sleeping          |       |     2 |     2 |       ||     4
         Invisible         |       |       |     2 |     3 ||     5
 Armour: Leather armour    |     2 |     6 |     3 |       ||    11
         Plate armour      |       |       |   111 |    63 ||   174
  Dodge: Dodged            |     8 |    24 |    70 |    50 ||   152

Table legend: (Time is in decaauts)
 A = Elapsed time spent in this place.
 B = Non-inter-level travel time spent in this place.
 C = Inter-level travel time spent in this place.
 D = Time resting spent in this place.
 E = Time spent auto-exploring this place.
 F = Levels seen in this place.
 G = Mean time per level.
                   A        B        C        D        E       F      G
               +--------+--------+--------+--------+--------+-----+--------+
         Total |   8711 |   8168 |    543 |   1787 |   4504 |  10 |  871.1 |
       Dungeon |   8627 |   8096 |    531 |   1787 |   4452 |   9 |  958.6 |
        Temple |     83 |     71 |     12 |      0 |     52 |   1 |   83.0 |
               +--------+--------+--------+--------+--------+-----+--------+

Top non-repeatable levels by time:
     D:8: 1884 daAuts
     D:7: 1273 daAuts
     D:4: 1048 daAuts
     D:1: 1040 daAuts
     D:5: 990 daAuts
     D:3: 816 daAuts
     D:6: 801 daAuts
     D:2: 536 daAuts
     D:9: 236 daAuts
  Temple: 83 daAuts
